AoeStats
← murcielagoschack

Arena

510132191Analyzed
1v1 RM · 2d ago on Sep 29, 2026· 65m 7s· 2 players
Game mode
Random Map
Map size
Tiny (2 player)
Population
200
Speed
Normal
Resources
Standard
Victory
Conquest
Starting age
Dark Age
Ending age
Imperial Age
RankedLock teamsTeams togetherTeam positionsShared explorationLock speedFull tech treeHidden civsTurbo modeCheats
Victory
Defeat
🇦🇷 Vietnamese · Argentina
671
+14
🇩🇪 Chinese · Germany
621
-14
Nachitopro19
0:26 Loom
12:02 Feudal Age
13:23 Double-Bit Axe
18:45 Castle Age
17:15 Horse Collar
18:16 Padded Archer Armor
18:08 Fletching
18:28 Arson
19:06 Scale Mail Armor
19:57 Squires
22:54 Bow Saw
25:07 Elite Skirmisher
27:10 Pikeman
29:38 Leather Archer Armor
29:19 Bodkin Arrow
29:35 Thumb Ring
30:47 Gold Mining
30:47 Stone Mining
31:12 Forging
32:46 Heavy Plow
35:42 Imperial Age
33:00 Town Watch
35:37 Wheelbarrow
35:45 Fortified Wall
37:59 Two-Man Saw
37:48 Ring Archer Armor
37:47 Ballistics
37:42 Halberdier
38:41 Chain Mail Armor
39:36 Bracer
40:51 Iron Casting
42:19 Plate Mail Armor
41:46 Elite Rattan Archer
45:05 Chemistry
45:21 Paper Money
47:31 Scale Barding Armor
50:53 Imperial Skirmisher
53:05 Crop Rotation
53:34 Hoardings
52:34 Sappers
murcielagoschack
0:29 Loom
11:02 Feudal Age
19:11 Castle Age
17:30 Town Watch
17:37 Double-Bit Axe
17:57 Fletching
20:07 Stone Mining
20:10 Gold Mining
20:49 Bow Saw
22:29 Bodkin Arrow
30:24 Imperial Age
27:42 Elite Skirmisher
32:10 Bracer
33:31 Bloodlines
35:47 Town Patrol
36:15 Husbandry
35:36 Cavalier
37:11 Conscription
37:43 Wheelbarrow
37:02 Horse Collar
37:35 Murder Holes
37:52 Masonry
39:01 Scale Barding Armor
43:12 Forging
43:23 Chain Barding Armor
43:25 Heavy Plow
43:45 Scale Mail Armor
44:10 Hand Cart
44:48 Iron Casting
44:49 Elite Chu Ko Nu
47:50 Plate Barding Armor
48:07 Squires
47:28 Pikeman
47:54 Arson
47:32 Man-at-Arms
53:56 Light Cavalry
56:20 Blast Furnace
57:57 Rocketry
61:11 Long Swordsman
61:52 Two-Handed Swordsman
Connection lost

Rejoining the realm…

Still unreachable

The connection could not be restored.

Session expired

The server has moved on; the page needs a fresh start.